 Dungeon Crawl Stone Soup version 0.28.0-53-g5a82cb258f (webtiles) character file.

Game seed: 11784050608909838587

2877 ILmort the Cleaver (level 9, 0/89 HPs)
             Began as a Hill Orc Monk on Aug 22, 2022.
             Was a Believer of Beogh.
             Slain by Maggie
             ... wielding a +2 scimitar of flaming
              (2 damage)
             ... on level 8 of the Dungeon.
             The game lasted 00:19:45 (9665 turns).

ILmort the Cleaver (Hill Orc Monk)                  Turns: 9665, Time: 00:19:46

Health: 0/89       AC:  9    Str: 18    XL:     9   Next: 76%
Magic:  3/11       EV: 12    Int: 10    God:    Beogh [**....]
Gold:   183        SH:  0    Dex: 13    Spells: 8/8 levels left

rFire   . . .      SeeInvis .   t - +2 hand axe (flame)
rCold   . . .      Faith    .   (no shield)
rNeg    . . .      Spirit   .   j - +0 acid dragon scales
rPois   .          Reflect  .   l - +0 helmet
rElec   .          Harm     .   b - +0 cloak
rCorr   +          Rampage  .   (no gloves)
Will    .....                   (no boots)
Stlth   +.........              (no amulet)
HPRegen 0.24/turn               (no ring)
MPRegen 0.12/turn               (no ring)

@: about to teleport, mesmerised
A: no striking features
a: Renounce Religion, Smiting


You were on level 8 of the Dungeon.
You worshipped Beogh.
Beogh was pleased with you.
You visited 1 branch of the dungeon, and saw 8 of its levels.

You collected 300 gold pieces.
You spent 117 gold pieces at shops.

Inventory:

Hand Weapons
 g - a +0 spear
 m - the +5 spear "Xima" {flame, rElec rCorr Int+2}
   (You found it on level 6 of the Dungeon)

   It burns those it strikes, dealing additional fire damage.
   Int:       It affects your intelligence (+2).
   rElec:     It insulates you from electricity.
   rCorr:     It protects you from acid and corrosion.
 n - a +0 spear
 r - a +0 spear
 s - a +0 spear
 t - a +2 hand axe of flaming (weapon)
Missiles
 o - a throwing net (quivered)
Armour
 b - a +0 cloak (worn)
 j - +0 acid dragon scales (worn)
 l - a +0 helmet (worn)
Jewellery
 c - an amulet of magic regeneration
Wands
 u - a wand of paralysis (7)
 w - a wand of polymorph (33)
 x - a wand of digging (4)
Scrolls
 a - 2 scrolls of amnesia {unknown}
 e - 2 scrolls of magic mapping
 h - 8 scrolls of teleportation
 i - 2 scrolls of identify
 k - 2 scrolls of enchant armour {unknown}
 q - 2 scrolls of fear {unknown}
 v - a scroll of blinking {unknown}
 y - a scroll of holy word {unknown}
 z - a scroll of silence {unknown}
 B - a scroll of summoning {unknown}
Potions
 d - a potion of invisibility
 f - a potion of ambrosia
 p - a potion of mutation
 A - 2 potions of curing {unknown}
 C - a potion of haste {unknown}


   Skills:
 * Level 11.2 Fighting
 + Level 11.5 Axes
 + Level 2.8 Armour
 + Level 3.4 Dodging
 - Level 1.5 Stealth
 + Level 3.3 Invocations


You had 8 spell levels left.
You didn't know any spells.
Your spell library contained the following spells:

 Spells                   Type           Power      Damage    Failure   Level
 Animate Skeleton         Necr           0%         N/A       45%         1
 Apportation              Tloc           0%         N/A       45%         1
 Foxfire                  Conj/Fire      0%         2x1d4     45%         1
 Slow                     Hex            0%         N/A       45%         1
 Summon Small Mammal      Summ           0%         N/A       45%         1
 Scorch                   Fire           0%         2d5       58%         2
 Confusing Touch          Hex            0%         N/A       83%         3
 Conjure Flame            Conj/Fire      0%         6-21      83%         3
 Inner Flame              Hex/Fire       0%         N/A       83%         3
 Ozocubu's Armour         Ice            0%         N/A       83%         3
 Vampiric Draining        Necr           0%         2d6       83%         3
 Flame Wave               Conj/Fire      0%         2d4       99%         4
 Conjure Ball Lightning   Conj/Air       0%         3x3d6     100%        6
 Summon Cactus Giant      Summ           0%         N/A       100%        6
 Ozocubu's Refrigeration  Ice            0%         4d5       100%        7
 Discord                  Hex            0%         N/A       100%        8
 Disjunction              Tloc           0%         N/A       100%        8


Dungeon Overview and Level Annotations

Branches:
Dungeon (8/15)             Temple (0/1) D:7
   Lair: D:8-11

Altars:
Gozag
Trog
Yredelemnul

Shops:
D:6 ?

Annotations:
D:8 Maggie


Message History

Maggie attempts to bespell you!
You are mesmerised by Maggie!
You cannot move away from Maggie!
You cannot move away from Maggie!
You cannot move away from Maggie!
Aiming: Smiting Smite: Pikel, wielding a +0 whip of freezing and wearing a +0 robe (almost dead)
You smite Pikel!!
You kill Pikel!
Beogh accepts your kill.
With Pikel's spell broken, his former minions thank you for their freedom.
The lemure departs this earthly plane. x2
Your Fighting skill increases to level 11!
Your Invocations skill increases to level 3!
You cannot move away from Maggie!
Maggie hits you with a +2 scimitar of flaming!
Maggie burns you.
Things that are here:
a +0 whip of freezing; a +0 robe You barely miss Maggie.
You hit Maggie but do no damage. Maggie casts a spell at you.
The bolt of fire hits you!!
* * * LOW HITPOINT WARNING * * *
The orc priest invokes the aid of Beogh against you.
Beogh smites you!
* * * LOW HITPOINT WARNING * * *
Okay, then.
As you read the scroll of teleportation, it crumbles to dust.
You feel strangely unstable.
Maggie gestures wildly while chanting.
Maggie draws you further into her thrall.
You cannot move away from Maggie!
You hit Maggie. You burn Maggie.
An orc comes into view. It is wielding a +0 hand axe.
Maggie mumbles the words to a spell, but in the wrong order.
Maggie hits you with a +2 scimitar of flaming.
* * * LOW HITPOINT WARNING * * *
Maggie burns you.
You die...

.... ...
#.. ...
#.## ...
#[####..#
...
#.......#
#.#
##<#####...
..# ##.##
#.###.##
#o@@.##
#.#### o.)
###. #. #.
.. ..


You could see Maggie (mesmerising), an orc warrior and an orc (wandering).

Vanquished Creatures
  Pikel (D:8)
  Eustachio (D:6)
  A water moccasin (D:7)
  3 black bears
  4 ice beasts
  An ogre (D:6)
  3 centaurs
  A lemure (D:8)
  Blork the orc (D:5)
  2 kobold brigands
  A bullfrog (D:6)
  A water moccasin zombie (D:4)
  A howler monkey (D:5)
  A bullfrog zombie (D:4)
  2 centaur zombies
  6 hounds
  A jelly (D:6)
  A gnoll shaman (D:4)
  An orc priest (D:5)
  A scorpion zombie (D:4)
  4 orc wizards
  2 hound zombies (D:4)
  2 hound skeletons (D:4)
  A howler monkey zombie (D:6)
  8 gnolls
  A howler monkey skeleton (D:5)
  9 adders
  A shadow imp (D:5)
  2 white imps
  2 ufetubi
  2 adder skeletons (D:4)
  An adder zombie (D:4)
  3 worms
  4 dart slugs
  21 orcs
  3 bats
  8 endoplasms
  2 giant cockroaches (D:2)
  7 goblins
  3 hobgoblins
  2 jackals (D:5)
  3 quokkas
  4 ball pythons
  6 frilled lizards
  18 kobolds
  A quokka zombie (D:4)
  5 rats (D:1)
159 creatures vanquished.

Vanquished Creatures (others)
  A jackal zombie (D:4)
  A withered plant (D:4)
2 creatures vanquished.

Grand Total: 161 creatures vanquished

Notes
Turn   | Place    | Note
-------+----------+-------------------------------------------
     0 | D:1      | ILmort the Hill Orc Monk began the quest for the Orb.
     0 | D:1      | Reached XP level 1. HP: 19/19 MP: 1/1
     5 | D:1      | Noticed a black mamba
   315 | D:1      | Reached XP level 2. HP: 22/27 MP: 2/2
   489 | D:1      | Noticed an elephant
  1135 | D:1      | Found a faded altar of an unknown god.
  1190 | D:2      | Reached XP level 3. HP: 29/34 MP: 3/3
  1342 | D:2      | Reached skill level 5 in Axes
  1630 | D:2      | Reached XP level 4. HP: 35/41 MP: 4/4
  1915 | D:2      | Reached skill level 5 in Fighting
  3052 | D:3      | Reached XP level 5. HP: 48/48 MP: 5/5
  4154 | D:3      | Reached XP level 6. HP: 48/57 MP: 6/6
  5001 | D:4      | Reached XP level 7. HP: 52/66 MP: 7/7
  5001 | D:4      | Became a worshipper of Beogh the Brigand
  5001 | D:4      | Reached * piety under Beogh
  5001 | D:4      | Reached ** piety under Beogh
  5444 | D:5      | Entered Level 5 of the Dungeon
  5782 | D:6      | Noticed Eustachio
  5816 | D:7      | Reached XP level 8. HP: 47/75 MP: 6/8
  6048 | D:6      | Killed Eustachio
  6525 | D:6      | Reached skill level 10 in Axes
  6712 | D:6      | You fall into a shaft and drop 1 floor!
  6744 | D:6      | Found Qasue's Magic Scroll Shoppe.
  6747 | D:6      | Bought a scroll of identify for 26 gold pieces
  6747 | D:6      | Bought a scroll of teleportation for 39 gold pieces
  6747 | D:6      | Bought a scroll of identify for 26 gold pieces
  6806 | D:5      | Noticed Blork the orc
  7062 | D:5      | Killed Blork the orc
  7153 | D:6      | Bought a scroll of identify for 26 gold pieces
  7170 | D:6      | Reached skill level 10 in Fighting
  7170 | D:6      | Reached XP level 9. HP: 55/85 MP: 9/9
  7302 | D:6      | Identified the +5 spear "Xima" {flame, rElec rCorr Int+2}
  7771 | D:6      | Reached skill level 1 in Armour
  7771 | D:6      | Reached skill level 1 in Invocations
  8879 | D:7      | Found a staircase to the Ecumenical Temple.
  8902 | D:7      | Found a basalt altar of Yredelemnul.
  8902 | D:7      | Found an opulent altar of Gozag.
  8902 | D:7      | Found a bloodstained altar of Trog.
  9646 | D:8      | Noticed Pikel
  9654 | D:8      | Noticed Maggie
  9660 | D:8      | Killed Pikel
  9665 | D:8      | HP: 2/89 [Maggie/+2 scimitar of flaming (5)]
  9665 | D:8      | Slain by Maggie

Illustrated notes

Levels and vault maps discovered:
D:1:      sevenhm_arrival_forest_fort_small_2, layout_basic,
          shapermc_ecumenical_altar_pompeii, dk_noncrumbling_4
D:2:      layout_basic
D:3:      layout_basic
D:4:      layout_loops_ring, serial_undead, serial_undead_a, serial_undead_b,
          serial_undead_a, serial_undead_c, serial_undead_d
D:5:      layout_rooms, serial_curves, eino_curves_04, eino_curves_04,
          uniq_blork_the_orc
D:6:      layout_layer_cave, serial_shops, kennysheep_mini, uniq_eustachio
D:7:      layout_basic, chequers_temple_overflow_statue_of_worship,
          minmay_temple_entry_statues_pillars, grunt_decor_one_mirror
D:8:      layout_loops_cross, overflow_temple_1_default,
          due_lair_maze_entry_diamond, serial_shops, nicolae_shop_hallway_plus,
          kennysheep_minor_cross, serial_bayou_lagoon_a,
          kennysheep_opposing_triangles, uniq_pikel, uniq_maggie, uniq_erica

Skill      XL: |  1  2  3  4  5  6  7  8  9 |
---------------+----------------------------+-----
Fighting       | 4 5 6 7 8 10 11 | 11.2
Axes           | 5 6 7 9 10 11 | 11.5
Armour         | 2 |  2.8
Invocations    | 3 |  3.3
Dodging        | 3 |  3.4
Stealth        | |  1.5

Action                   |  1- 3 |  4- 6 |  7- 9 || total
-------------------------+-------+-------+-------++-------
Melee: Hand axe          |   129 |   259 |   329 ||   717
       Punch             |       |     4 |     2 ||     6
Invok: Smiting           |       |       |     5 ||     5
       Convert to Beogh  |       |       |     1 ||     1
  Use: Scroll            |       |       |     8 ||     8
 Stab: Sleeping          |     1 |     2 |     3 ||     6
Armor: Robe              |     2 |       |       ||     2
       Ring mail         |    28 |    14 |       ||    42
       Acid dragon scale |       |    81 |   124 ||   205
Dodge: Dodged            |    74 |   140 |   195 ||   409
